 Dungeon Crawl Stone Soup version 0.19.5 (webtiles) character file.

158 Patwa the Ruffian (level 5, 0/53 HPs)
             Began as a Troll Berserker on Jan 14, 2018.
             Was a Believer of Trog.
             Slain by a goblin (6 damage)
             ... led by Robin
             ... on level 4 of the Dungeon.
             The game lasted 00:15:28 (1612 turns).

Patwa the Ruffian (Troll Berserker)                 Turns: 1612, Time: 00:15:28

Health: 0/53       AC:  5    Str: 26    XL:     5   Next: 16%
Magic:  4/4        EV: 10    Int:  3    God:    Trog [**....]
Gold:   136        SH:  0    Dex:  9    Spells: 0 memorised, 4 levels left

rFire  . . .     SeeInvis .     k - +0 whip (elec)
rCold  . . .     Gourm    +     a - +0 animal skin
rNeg   . . .     Faith    .     (no shield)
rPois  .         Spirit   .     (helmet restricted)
rElec  .         Reflect  .     (no cloak)
rCorr  .         Harm     .     (gloves unavailable)
MR     .....                    (boots unavailable)
Stlth  +.........               (no amulet)
                                (no ring)
                                (no ring)

@: no status effects
A: unfitting armour, claws 3, fast metabolism 3, gourmand, regeneration 1,
shaggy fur 1, tough skin 2
a: Berserk, Trog's Hand, Burn Spellbooks, Renounce Religion


You were on level 4 of the Dungeon.
You worshipped Trog.
Trog was pleased with you.
You were near starving.

You visited 1 branch of the dungeon, and saw 4 of its levels.

You collected 136 gold pieces.

Inventory:

Hand Weapons
 f - a +0 whip
 g - a +0 dagger
 k - a +0 whip of electrocution (weapon)
 q - a +0 quarterstaff
 s - a +0 scimitar of draining
 w - a +0 war axe
Missiles
 d - 38 stones (quivered)
Armour
 a - a +0 animal skin (worn)
 j - a +0 robe
 l - a +0 large shield
 m - a +0 scale mail
 o - a +0 ring mail
 t - a +0 plate armour
 u - a +0 robe
Scrolls
 c - 3 scrolls of remove curse
 h - a scroll of random uselessness
 r - a scroll of teleportation
Potions
 e - 2 potions of brilliance {unknown}
 i - a potion of cure mutation {unknown}
 n - a potion of agility {unknown}
 p - a potion of degeneration {unknown}
Comestibles
 b - 2 fruits
 v - a bread ration


   Skills:
 + Level 3.2 Fighting
 + Level 0.8 Throwing
 + Level 3.0 Dodging
 * Level 4.6 Unarmed Combat


You had 4 spell levels left.
You didn't know any spells.

Dungeon Overview and Level Annotations

Branches:
Dungeon (4/15)
 Temple: D:4-7

Altars:
Makhleb

Annotations:
D:4 Robin


Innate Abilities, Weirdness & Mutations

You are too large for most types of armour.
You have claws for hands.
Your metabolism is lightning-fast.
You like to eat raw meat.
Your natural rate of healing is unusually fast.
You are covered in fur. (AC +1)
You have very tough skin. (AC +2)


Message History

Save game and exit?
Okay, then.
The goblin barely misses you. The goblin hits you but does no damage.
The goblin misses you. The goblin closely misses you.
You are near starving!
You barely miss the goblin.
The goblin is moderately wounded.
Robin throws the goblin at you! The goblin hits you. x2
* * * LOW HITPOINT WARNING * * *
Robin roars a battlecry!
The goblin goes into a battle-frenzy!
The goblin hits you.
* * * LOW HITPOINT WARNING * * *
The goblin hits you with a club.
* * * LOW HITPOINT WARNING * * *
You hit the goblin.
There is a sudden explosion of sparks!
You kill the goblin!
Trog accepts your kill. The goblin hits you.
You die...

###.#.#####.########
..................####
#.....###<##........# #....
#.##.###.##.#
#.#.#####.##(#......#
#.........##.#......#
###.########.#......# ##'##
#.#g.....# ##...## #.#@g....#
##.....## #..†g)...# ##.......##
##.##.##### ##
#.........####.........#####...##
'.).......+.............).)......
#.........####.....###.####....##
##.......## ##....# #.# #.##
##.....## ##...# #.# # ##...##
#..## #.#


You could see Robin and 2 goblins.

Vanquished Creatures
  Purgy (D:3)
  2 adders (D:2)
  A dart slug (D:1)
  A leopard gecko (D:3)
  4 orcs
  A ball python (D:3)
  A bat (D:3)
  3 giant cockroaches
  8 goblins (D:4)
  4 hobgoblins
  5 jackals
  2 kobolds
  6 rats
39 creatures vanquished.

Notes
Turn   | Place    | Note
-------+----------+-------------------------------------------
     0 | D:1      | Patwa the Troll Berserker began the quest for the Orb.
     0 | D:1      | Reached XP level 1. HP: 22/22 MP: 0/0
   207 | D:1      | Reached XP level 2. HP: 29/29 MP: 1/1
   362 | D:2      | Found a burning altar of Makhleb.
   799 | D:2      | Reached XP level 3. HP: 36/36 MP: 2/2
  1096 | D:3      | Noticed Purgy
  1112 | D:3      | Killed Purgy
  1112 | D:3      | Reached skill level 4 in Unarmed Combat
  1112 | D:3      | Reached XP level 4. HP: 27/45 MP: 3/3
  1112 | D:3      | Reached XP level 5. HP: 32/53 MP: 4/4
  1402 | D:3      | Reached ** piety under Trog
  1574 | D:4      | Noticed Robin
  1612 | D:4      | Slain by a goblin

Skill      XL: |  1  2  3 |
---------------+----------+-----
Fighting       | 3 |  3.2
Dodging        | 3 |  3.0
Unarmed Combat | 4 |  4.6
Throwing       | |  0.8

Action                   |  1- 3 |  4- 6 || total
-------------------------+-------+-------++-------
Melee: Unarmed           |    65 |     8 ||    73
       Punch             |     1 |     2 ||     3
       Whip              |       |    22 ||    22
Throw: Stone             |    16 |    17 ||    33
  Use: Scroll            |     3 |       ||     3
       Potion            |       |     1 ||     1
  Eat: Bread ration      |     1 |     1 ||     2
       Beef jerky        |     1 |       ||     1
Armor: Animal skin       |    20 |    28 ||    48
Dodge: Dodged            |    62 |    53 ||   115
